 Dungeon Crawl Stone Soup version 0.32-a0-868-g153ae1a8d6 (webtiles) character file.

Game seed: 59572821455256449

25919 Ruich the Brawler (level 12, -1/113 HPs)
             Began as a Troll Chaos Knight on Mar 29, 2024.
             Was a Plaything of Xom.
             Slain by a cane toad (21 damage)
             ... on level 3 of the Lair of Beasts.
             The game lasted 00:32:05 (12222 turns).

Ruich the Brawler (Troll Chaos Knight)             Turns: 12222, Time: 00:32:06

Health: -1/113     AC:  6    Str: 29    XL:     12   Next: 93%
Magic:  12/12      EV: 24    Int:  8    God:    Xom [*.....]
Gold:   725        SH: 11    Dex: 13    Spells: 11/11 levels left

rFire   + .          .
                       - Unarmed
rCold   + . .        r - +0 kite shield
rNeg    . . .        m - +1 troll leather armour
rPois   +            o - +2 hat
rElec   .            q - scarf {rC+ rF+}
rCorr   +            (gloves unavailable)
SInv    .            (boots unavailable)
Will    .....        a - amulet of the acrobat
Stlth   +            l - ring of resist corrosion
HPRegen 1.98/turn    e - +6 ring of strength
MPRegen 0.13/turn

%: random rage (9%), acrobat
@: acrobatic
A: large, unfitting armour, claws 3, regeneration 1, shaggy fur 1, tough skin 1,
antennae 1, berserk 2, deformed body, frail 1, high MP 1, sense surroundings 1,
poison resistance, screaming 1, wild magic 1
a: Renounce Religion


You were on level 3 of the Lair of Beasts.
You worshipped Xom.
You were a special plaything of Xom.
You visited 3 branches of the dungeon, and saw 15 of its levels.

You collected 878 gold pieces.
You spent 153 gold pieces at shops.


Innate Abilities, Weirdness & Mutations

You are too large for most types of armour.
You have claws for hands.
Your natural rate of healing is unusually fast.
You are covered in fur. (AC +1)
You have tough skin. (AC +1)
You have a pair of small antennae on your head.
You have an uncontrollable temper.
Armour fits poorly on your strangely shaped body.
You are frail. (-10% HP)
You have an increased reservoir of magic. (+10% MP)
You passively map a small area around you.
Your system is resistant to poisons. (rPois)
You occasionally shout uncontrollably at your foes.
Your spells are a little harder to cast, but a little more powerful.


   Skills:
 + Level 10.1 Fighting
 + Level 4.1 Dodging
 * Level 10.0 Shields
 - Level 15.0 Unarmed Combat


You had 11 spell levels left.
You didn't know any spells.
Your spell library contained the following spells:

 Spells                   Type           Power      Damage    Failure   Level
 Lesser Beckoning         Tloc           0%         N/A       82%         2
 Scorch                   Fire           0%         2d5       82%         2
 Hailstorm                Conj/Ice       0%         3d5       96%         3
 Stone Arrow              Conj/Erth      0%         3d7       96%         3
 Summon Ice Beast         Ice/Summ       0%         N/A       96%         3
 Teleport Other           Tloc           0%         N/A       96%         3
 Animate Armour           Summ/Erth      0%         N/A       100%        4
 Brom's Barrelling Bould  Conj/Erth      0%         2d3       100%        4
 Flame Wave               Conj/Fire      0%         2d4       100%        4
 Maxwell's Portable Pile  Tloc           0%         2d(5-10)  100%        4
 Summon Lightning Spire   Summ/Air       0%         N/A       100%        4
 Fireball                 Conj/Fire      0%         3d3       100%        5
 Iskenderun's Battlesphe  Conj           0%         2d6       100%        5
 Lee's Rapid Deconstruct  Erth           0%         3d4*      100%        5
 Bombard                  Conj/Erth      0%         9d1       100%        6
 Conjure Ball Lightning   Conj/Air       0%         3x3d6     100%        6
 Permafrost Eruption      Ice/Erth       0%         2x4d2     100%        6
 Sculpt Simulacrum        Ice/Alch       0%         N/A       100%        6
 Summon Cactus Giant      Summ           0%         N/A       100%        6
 Orb of Destruction       Conj           0%         9d5       100%        7
 Spellforged Servitor     Conj/Summ      0%         N/A       100%        7
 Lehudib's Crystal Spear  Conj/Erth      0%         10d2      100%        8

Inventory:

Hand Weapons
 x - the +1 rapier of Atuokk {freeze, ^Contam *Noise rC+++ Dex+4}
   (You found it on level 7 of the Dungeon)

   Dex+4:     It affects your dexterity (+4).
   rC+++:     It renders you almost immune to cold.
   *Noise:    It may make a loud noise when swung.
   ^Contam:   It causes magical contamination when unequipped.
Missiles
 f - 4 datura-tipped darts
 n - 8 boomerangs
 B - 19 poisoned darts
 H - a throwing net (quivered) {=f}
Armour
 m - a +1 troll leather armour (worn)
 o - a +2 hat (worn)
 q - a scarf of resistance (worn)
 r - a +0 kite shield (worn)
Jewellery
 a - an amulet of the acrobat (around neck)
 d - a +6 ring of intelligence
 e - a +6 ring of strength (right claw)
 l - a ring of resist corrosion (left claw)
Talismans
 h - a blade talisman
Wands
 p - a wand of digging (4)
 t - a wand of paralysis (11)
 v - a wand of mindburst (22)
 I - a wand of roots (11)
Scrolls
 b - 5 scrolls of identify {@r1}
 k - 2 scrolls of poison
 w - 3 scrolls of blinking
 y - a scroll of brand weapon
 z - a scroll of fog
 A - 2 scrolls of teleportation {@r2}
 D - a scroll of vulnerability
 E - 2 scrolls of enchant weapon
 F - 3 scrolls of revelation
 G - 3 scrolls of noise
Potions
 c - 3 potions of might
 g - 6 potions of curing {@q1}
 i - 2 potions of haste {@q3}
 u - 4 potions of enlightenment

Dungeon Overview and Level Annotations

Branches:
Dungeon (10/15) Zot: 26231  Temple (0/1) D:6            Lair (4/5) D:9 Zot: 20859
 Shoals (0/4) Lair:3       Spider (0/4) Lair:3          Orc (1/2) D:9 Zot: 5980
  Slime: Lair:4-5

Altars:
Fedhas
Kikubaaqudgha
Makhleb
Ru
The Shining One

Shops:
D:1 =   D:3 *   D:4 [[   Orc:1 :

Annotations:
D:9 4 transporters
Lair:2 1 runed translucent door

#......###.....††###^....#
.....##.###.....>..##...##
.....####..##....†..#....#
...#..########..........##
..##...## ###........# .######.#
####.#......## .#.# #P.#
#P####......### # ..## ####
#....{...#....### # .P###
##...@..#.......###### ....#
###................... ...##
####.....................
....#####.##..............##.#...
....^...#.##.....###÷.....######.
................###.#.......# ##
##.............## ##........#
#............## #..#....##
#............# ###......##


There were no monsters in sight!


Message History

* * * LOW HITPOINT WARNING * * *
Xom is highly amused!
You are lethally poisoned!
Something poisons you!
Unknown command.
You feel better. Something stings you.
* * * LOW HITPOINT WARNING * * *
You are poisoned.
Something poisons you!
Unknown command.
Unknown command.
Unknown command.
Unknown command.
You feel better.
Something stings you but does no damage.
Unknown command.
You closely miss something. Something stings you!
* * * LOW HITPOINT WARNING * * *
Unknown command.
You barely miss something. Something stings you!
* * * LOW HITPOINT WARNING * * *
Xom thinks this is hilarious!
You feel better. Something stings you!
* * * LOW HITPOINT WARNING * * *
Unknown command.
Unknown command.
You block something's attack. Something stings you!!
You die...
Xom yawns loudly!

Skill      XL: |  1  2  3  4  5  6  7  8  9 10 11 12 |
---------------+-------------------------------------+-----
Unarmed Combat | 4 5 6 7 9 11 12 14 15 | 15.0
Fighting       | 3 4 5 6 7 8 10 | 10.1
Shields        | 1 2 4 5 7 8 10 | 10.0
Dodging        | 4 |  4.1

Action                     |  1- 3 |  4- 6 |  7- 9 | 10-12 || total
---------------------------+-------+-------+-------+-------++-------
  Melee: Unarmed           |   120 |    64 |   167 |   665 ||  1016
         Punch             |     3 |       |       |       ||     3
  Throw: Throwing net      |       |       |       |     1 ||     1
  Evoke: Wand              |       |       |       |     2 ||     2
    Use: Scroll            |       |     4 |     9 |     8 ||    21
         Potion            |       |       |     1 |     8 ||     9
   Stab: Sleeping          |     2 |       |       |       ||     2
         Paralysed         |     1 |       |       |     1 ||     2
         Confused          |       |       |       |     1 ||     1
         Petrified         |       |       |       |     1 ||     1
 Armour: Robe              |    79 |    26 |    49 |       ||   154
         Steam dragon scal |       |       |    34 |       ||    34
         Acid dragon scale |       |       |    51 |   214 ||   265
         Troll leather arm |       |       |       |   327 ||   327
  Dodge: Dodged            |    61 |    15 |    54 |   273 ||   403
  Block: Kite shield       |       |     4 |    75 |   382 ||   461

Levels and vault maps discovered:
D:1:      dpeg_arrival_circle_labyrinth_b, layout_loops_corners,
          nicolae_shop_unique_rings
D:2:      layout_rooms, eino_tiny_chamber, hangedman_abyss_or_decor_lesser_grid
D:3:      layout_basic, nicolae_ru_great_annihilating_truth, lemuel_tele_altar,
          serial_shops, shop, ebering_ecumenical_altar_box, serial_corexii_hall,
          corexii_hall_statues_t, corexii_hall_statues_l,
          corexii_hall_statues_x, corexii_hall_statues_u,
          corexii_hall_statues_x, corexii_hall_statues_l,
          kennysheep_generic_room_13
D:4:      minmay_angry_zag, layout_basic, nicolae_wooded_promenade,
          uniq_natasha, uniq_sigmund
D:5:      layout_cave_pools
D:6:      layout_cave_pods, minmay_temple_entry_mini_moons,
          gammafunk_ghost_split, uniq_maggie
D:7:      layout_loops_cross, fedhas_altar_1, serial_glass, glass_columns_a,
          glass_columns_a, glass_columns_c, glass_columns_a, glass_columns_b,
          glass_columns_a, glass_columns_c, glass_columns_c, glass_columns_c,
          glass_columns_c
D:8:      layout_loops_ring, st_stairs_11
D:9:      layout_small_grid, dpeg_oklobed_lair, orc_0_dummy,
          nicolae_diode_quadrants
D:10:     layout_roguey, kiku_gazebo_garden_becter, kennysheep_just_a_vault
Lair:1:   layout_cave_pods, chequers_serial_rivers_micro_d,
          columned_hall_lemuel, minivault_23, grunt_megastairs_5
Lair:2:   gammafunk_lair_enchanted_lake, layout_loops_ring, basic_altar
Lair:3:   layout_hall_layers, minmay_shoals_entry_beasts,
          spider_nest_entry_funnel_web
Lair:4:   dreamdust_cave_troll, layout_loops_ring, grunt_megastairs_2
Orc:1:    layout_caves, serial_shops, nicolae_shop_peninsula,
          portal_ice_cave_entry_pillars_1

Notes
Turn   | Place    | Note
-------+----------+-------------------------------------------
     0 | D:1      | Ruich the Troll Chaos Knight began the quest for the Orb.
     0 | D:1      | Reached XP level 1. HP: 22/22 MP: 0/0
   129 | D:1      | XOM: potion effect (invisibility)
   150 | D:1      | Found Gyuworu's One-of-a-Kind Rings.
   192 | D:1      | XOM: silly message
   294 | D:1      | Reached XP level 2. HP: 26/29 MP: 1/1
   390 | D:1      | XOM: silly message
   502 | D:1      | XOM is BORED!
   502 | D:1      | XOM: noise
   861 | D:1      | XOM: noise
  1004 | D:1      | XOM: silly message
  1075 | D:2      | Reached XP level 3. HP: 33/36 MP: 2/2
  1189 | D:2      | Reached skill level 4 in Unarmed Combat
  1282 | D:2      | XOM: god gift: 13 gold pieces
  1442 | D:3      | Found a glowing golden altar of the Shining One.
  1507 | D:3      | Found a faded altar of an unknown god.
  1613 | D:3      | Found Okusukeu's Assorted Antiques.
  1630 | D:3      | Reached skill level 3 in Fighting
  1858 | D:3      | XOM: divination: magic mapping
  2002 | D:3      | XOM is BORED!
  2002 | D:3      | XOM: give mutations
  2002 | D:3      | Gained mutation: You occasionally shout uncontrollably at
                  | your foes. [Xom's mischief]
  2002 | D:3      | Gained mutation: Your spells are a little harder to cast,
                  | but a little more powerful. [Xom's mischief]
  2002 | D:3      | Gained mutation: Armour fits poorly on your strangely
                  | shaped body. [Xom's mischief]
  2005 | D:3      | Found a sacrificial altar of Ru.
  2141 | D:4      | XOM: confuse monster(s)
  2145 | D:4      | Reached XP level 4. HP: 45/45 MP: 3/3
  2340 | D:4      | Noticed Natasha
  2345 | D:4      | Killed Natasha
  2410 | D:4      | Reached skill level 5 in Unarmed Combat
  2410 | D:4      | Reached XP level 5. HP: 53/53 MP: 4/4
  2424 | D:4      | Identified a scarf of resistance
  2455 | D:4      | Noticed Natasha
  2459 | D:4      | Killed Natasha
  2527 | D:4      | Reached XP level 6. HP: 51/62 MP: 3/5
  2575 | D:4      | Found Upren's Antique Armour Shoppe.
  2580 | D:4      | Found Vatuts's Antique Armour Shop.
  2581 | D:4      | Noticed Sigmund
  2593 | D:4      | Killed Sigmund
  2594 | D:4      | Reached skill level 4 in Fighting
  2594 | D:4      | Reached skill level 6 in Unarmed Combat
  2644 | D:4      | Bought a kite shield for 153 gold pieces
  3052 | D:5      | Entered Level 5 of the Dungeon
  3063 | D:5      | Noticed an orc warrior
  3070 | D:5      | Killed an orc warrior
  3071 | D:5      | Reached skill level 1 in Shields
  3071 | D:5      | Reached XP level 7. HP: 63/71 MP: 4/6
  3088 | D:5      | Reached skill level 7 in Unarmed Combat
  3198 | D:5      | XOM: summons 2 friendly demons
  3220 | D:5      | Reached skill level 2 in Shields
  3286 | D:5      | XOM: god gift: +2 demon trident of chaos
  3344 | D:5      | Reached XP level 8. HP: 79/79 MP: 7/7
  3346 | D:5      | XOM: god gift: 12 gold pieces
  3675 | D:6      | Found a staircase to the Ecumenical Temple.
  3794 | D:6      | Found a runed translucent gate.
  3794 | D:6      | Found a runed translucent gate.
  3794 | D:6      | Found a runed translucent gate.
  3796 | D:6      | Noticed Fodor's ghost (novice MiFi)
  3808 | D:6      | XOM: enchant monster (bad)
  3815 | D:6      | XOM: god gift: book of Displacement
  3834 | D:6      | Reached skill level 5 in Fighting
  3834 | D:6      | Reached skill level 8 in Unarmed Combat
  3882 | D:6      | XOM: god gift: 32 gold pieces
  3902 | D:6      | Noticed Maggie
  3903 | D:6      | XOM: silly message
  3904 | D:6      | XOM: summons friendly iron imp
  3909 | D:6      | Killed Maggie
  3910 | D:6      | Reached skill level 3 in Shields
  4237 | D:6      | XOM: cast spell 'Leda's Liquefaction'
  4245 | D:6      | Reached skill level 9 in Unarmed Combat
  4459 | D:6      | XOM: enchant monster (bad)
  4473 | D:6      | Killed Fodor's ghost
  4474 | D:6      | Reached skill level 4 in Shields
  4474 | D:6      | Reached XP level 9. HP: 43/89 MP: 1/8
  4477 | D:6      | Reached skill level 6 in Fighting
  4548 | D:6      | XOM: stat loss: -1 Str (27/28)
  4624 | D:7      | Reached skill level 10 in Unarmed Combat
  4630 | D:7      | Identified the +1 rapier of Atuokk {freeze, ^Contam *Noise
                  | rC+++ Dex+4}
  4719 | D:7      | XOM: stat loss: -1 Str (27/28)
  4740 | D:7      | XOM: potion effect (haste)
  4889 | D:7      | Reached skill level 5 in Shields
  4913 | D:7      | XOM is BORED!
  5019 | D:7      | XOM: potion effect (brilliance)
  5046 | D:7      | Found a blossoming altar of Fedhas.
  5288 | D:7      | Identified a scroll of acquirement
  5288 | D:7      | Acquired an amulet of the acrobat
  5334 | D:8      | XOM: 2-stop teleportation journey
  5335 | D:8      | Reached skill level 11 in Unarmed Combat
  5337 | D:8      | XOM: cast spell 'Discord'
  5340 | D:8      | Noticed a komodo dragon
  5341 | D:8      | Reached XP level 10. HP: 75/100 MP: 9/9
  5345 | D:8      | XOM: enchant monster (good)
  5378 | D:7      | XOM: noise
  5637 | D:7      | Reached skill level 7 in Fighting
  5797 | D:7      | Reached skill level 6 in Shields
  5927 | D:8      | XOM: cast spell 'Dispersal'
  6004 | D:8      | XOM: smoke on damage
  6105 | D:8      | Reached skill level 12 in Unarmed Combat
  6118 | D:8      | XOM: potion effect (haste)
  6316 | D:8      | XOM: give mutations
  6316 | D:8      | Gained mutation: Your system is resistant to poisons.
                  | (rPois) [Xom's grace]
  6316 | D:8      | Gained mutation: You have supernaturally acute eyesight.
                  | (SInv) [Xom's grace]
  6316 | D:8      | Gained mutation: You have an increased reservoir of magic.
                  | (+10% MP) [Xom's grace]
  6316 | D:8      | Gained mutation: You have a considerably increased
                  | reservoir of magic. (+20% MP) [Xom's grace]
  6574 | D:9      | XOM: noise
  6576 | D:9      | XOM: cleaving
  6583 | D:8      | XOM: summons 3 hostile demons
  6646 | D:9      | XOM: 1-stop teleportation journey
  6785 | D:9      | Found a staircase to the Lair.
  6795 | D:9      | Found a transporter.
  6795 | D:9      | Found a transporter.
  6795 | D:9      | Found a transporter.
  6795 | D:9      | Found a transporter.
  6795 | D:9      | Found a staircase to the Orcish Mines.
  6795 | D:9      | XOM: 8-stop teleportation journey
  7412 | Orc:1    | Entered Level 1 of the Orcish Mines
  7412 | Orc:1    | Found Uczut's Book Shoppe.
  7417 | Orc:1    | XOM: divination: detect creatures
  7432 | D:9      | Reached skill level 7 in Shields
  7432 | D:9      | Reached XP level 11. HP: 71/111 MP: 12/12
  7469 | Orc:1    | XOM: divination: magic mapping
  7470 | Orc:1    | XOM: cast spell 'Iskenderun's Battlesphere'
  7473 | Orc:1    | Noticed an obsidian bat
  7542 | D:8      | Killed an obsidian bat
  7789 | D:9      | Found a transporter.
  7790 | D:9      | Found a transporter.
  7792 | D:9      | Found a transporter.
  7814 | D:9      | Found a transporter.
  7881 | D:9      | Found a staircase to the Lair.
  8243 | D:10     | Entered Level 10 of the Dungeon
  8259 | D:10     | Reached skill level 8 in Fighting
  8289 | D:10     | Reached skill level 13 in Unarmed Combat
  8382 | D:10     | XOM is BORED!
  8382 | D:10     | XOM: summons 1 hostile shadow creature
  8383 | D:10     | Noticed a two-headed ogre
  8455 | D:10     | XOM: blink monster(s)
  8480 | D:10     | Found an ancient bone altar of Kikubaaqudgha.
  8539 | D:10     | XOM: cast spell 'Leda's Liquefaction'
  8697 | D:10     | Noticed a fire giant
  8699 | D:10     | XOM: confuse monster(s)
  8701 | D:10     | XOM: confuse monster(s)
  8705 | D:10     | Killed a fire giant
  8854 | D:10     | XOM: confuse monster(s)
  9030 | Lair:1   | Entered Level 1 of the Lair of Beasts
  9145 | Lair:1   | XOM: blink monster(s)
  9148 | Lair:1   | XOM: destruction
  9161 | Lair:1   | XOM: fog
  9165 | Lair:1   | XOM: noise
  9168 | Lair:1   | XOM: noise
  9179 | Lair:1   | Reached skill level 8 in Shields
  9189 | Lair:1   | Reached skill level 14 in Unarmed Combat
  9421 | Lair:1   | XOM: noise
  9463 | Lair:1   | XOM: divination: magic mapping
  9502 | Lair:1   | XOM: destruction
  9622 | Lair:1   | XOM: enchant monster (good)
  9632 | Lair:1   | XOM: summons 11 friendly demons
  9674 | Lair:1   | XOM: swap monsters
  9709 | Lair:1   | XOM: torment (58/113 hp)
  9744 | Lair:1   | XOM: cleaving
  9750 | Lair:1   | XOM: potion effect (attraction)
  9885 | Lair:1   | XOM: give mutations
  9885 | Lair:1   | Gained mutation: Your spells are harder to cast, but more
                  | powerful. [Xom's mischief]
  9885 | Lair:1   | Lost mutation: You have supernaturally acute eyesight.
                  | (SInv) [Xom's mischief]
  9885 | Lair:1   | Lost mutation: Your spells are harder to cast, but more
                  | powerful. [Xom's mischief]
  9971 | Lair:2   | Found a burning altar of Makhleb.
  9986 | Lair:2   | Reached XP level 12. HP: 120/122 MP: 13/13
 10160 | Lair:2   | Reached skill level 9 in Fighting
 10163 | Lair:2   | XOM: polymorph bullfrog -> wyvern
 10242 | Lair:2   | XOM: cleaving
 10254 | Lair:2   | XOM: polymorph basilisk -> acid dragon
 10363 | Lair:2   | XOM: polymorph blink frog -> blink frog
 10407 | Lair:2   | XOM: noise
 10411 | Lair:2   | XOM: polymorph blink frog -> frilled lizard
 10414 | Lair:2   | XOM: fog
 10490 | Lair:2   | Noticed a dire elephant
 10509 | Lair:2   | Found a runed translucent door.
 10724 | Lair:2   | Reached skill level 15 in Unarmed Combat
 10817 | Lair:2   | XOM: summons 7 hostile demons
 10944 | Lair:3   | XOM: fog
 10956 | Lair:2   | Reached skill level 9 in Shields
 10992 | Lair:2   | XOM: enchant monster (good)
 10993 | Lair:2   | XOM: enchant monster (bad)
 10995 | Lair:2   | Reached skill level 2 in Dodging
 11172 | Lair:3   | XOM: stat loss: -1 Int (7/8)
 11374 | Lair:3   | Reached skill level 3 in Dodging
 11537 | Lair:3   | XOM: scenery: summon butterflies
 11564 | Lair:3   | XOM: chaos cloud
 11573 | Lair:3   | Reached skill level 10 in Fighting
 11714 | Lair:3   | Found a hole to the Spider Nest.
 11741 | Lair:3   | XOM: give mutations
 11741 | Lair:3   | Gained mutation: You passively map a small area around you.
                  | [Xom's mischief]
 11741 | Lair:3   | Gained mutation: You have a pair of small antennae on your
                  | head. [Xom's mischief]
 11741 | Lair:3   | Gained mutation: You sometimes lose your temper in combat.
                  | [Xom's mischief]
 11760 | Lair:3   | XOM: give mutations
 11760 | Lair:3   | Gained mutation: You are frail. (-10% HP) [Xom's mischief]
 11760 | Lair:3   | Lost mutation: You have a considerably increased reservoir
                  | of magic. (+20% MP) [Xom's mischief]
 11760 | Lair:3   | Gained mutation: You have an uncontrollable temper. [Xom's
                  | mischief]
 11850 | Lair:3   | Found a staircase to the Shoals.
 11858 | Lair:3   | HP: 9/113 [manticore (11)]
 11863 | Lair:3   | Reached skill level 4 in Dodging
 12185 | Lair:3   | Reached skill level 10 in Shields
 12202 | Lair:3   | XOM: enchant monster (bad)
 12210 | Lair:3   | HP: 6/113 [something (17)]
 12214 | Lair:3   | HP: 1/113 [something (7)]
 12222 | Lair:3   | Slain by a cane toad

Vanquished Creatures
  A fire giant (D:10)
  A skyshark (Lair:2)
  The ghost of Fodor the Chopper, a novice MiFi (D:6)
  An obsidian bat (D:8)
  A manticore (Lair:3)
  An elephant (Lair:2)
  2 black mambas
  A gargoyle (D:10)
  3 cane toads
  4 komodo dragons
  3 rime drakes
  A wind drake (Lair:3)
  A troll (D:10)
  16 blink frogs
  A jumping spider (Lair:3)
  Sigmund (D:4)
  7 wyverns
  A vampire (D:10)
  A wraith (D:10)
  2 wargs (D:9)
  33 yaks
  3 basilisks
  2 steam dragons
  A redback (Lair:3)
  3 vampire mosquitoes (D:10)
  15 water moccasins
  3 acid dragons
  2 ice beasts (D:7)
  8 orc warriors
  3 black bears
  A sky beast (D:8)
  3 wolves (Lair:3)
  An ogre (D:9)
  6 centaurs
  2 kobold brigands
  18 bullfrogs
  A gnoll sergeant (D:9)
  5 wights
  11 killer bees (D:10)
  3 howler monkeys
  3 bombardier beetles (D:4)
  3 hounds
  7 orc priests
  2 jellies
  2 gnoll boudas
  2 iguanas
  3 sleepcaps
  Natasha (twice) (D:4)
  13 orc wizards
  12 gnolls
  5 adders
  2 ufetubi (D:7)
  A dart slug (D:3)
  A ribbon worm (D:2)
  28 orcs
  9 bats
  8 endoplasms
  2 giant cockroaches
  5 goblins
  7 hobgoblins
  7 jackals
  4 quokkas
  4 ball pythons
  A frilled lizard (Lair:2)
  11 kobolds
  5 rats
323 creatures vanquished.

Vanquished Creatures (collateral kills)
  Maggie (D:6)
  A blink frog (Lair:1)
  4 yaks (D:8)
  A wight (D:8)
  A howler monkey (D:6)
  An orc priest (D:8)
  A hound (D:6)
  An orc wizard (D:8)
  4 orcs
15 creatures vanquished.

Vanquished Creatures (others)
  A wight (D:8)
  An orc (D:8)
2 creatures vanquished.

Grand Total: 340 creatures vanquished

Table legend: (Time is in decaauts)
 A = Elapsed time spent in this place.
 B = Non-inter-level travel time spent in this place.
 C = Inter-level travel time spent in this place.
 D = Time resting spent in this place.
 E = Time spent auto-exploring this place.
 F = Levels seen in this place.
 G = Mean time per level.
                   A        B        C        D        E       F      G
               +--------+--------+--------+--------+--------+-----+--------+
         Total |  12099 |  11745 |    354 |   1639 |   7707 |  15 |  806.6 |
       Dungeon |   8940 |   8687 |    253 |   1069 |   5919 |  10 |  894.0 |
          Lair |   3139 |   3038 |    101 |    570 |   1788 |   4 |  784.8 |
  Orcish Mines |     19 |     19 |      0 |      0 |      0 |   1 |   19.0 |
               +--------+--------+--------+--------+--------+-----+--------+

Top non-repeatable levels by time:
     D:9: 1528 daAuts
  Lair:2: 1388 daAuts
     D:7: 1358 daAuts
     D:1: 1020 daAuts
     D:6: 1017 daAuts
     D:4: 924 daAuts
  Lair:1: 875 daAuts
  Lair:3: 866 daAuts
    D:10: 737 daAuts
     D:8: 717 daAuts
     D:3: 714 daAuts
     D:5: 526 daAuts
     D:2: 394 daAuts
   Orc:1: 19 daAuts
  Lair:4: 8 daAuts

Table legend:
 A = Non-vault XP
 B = Vault XP
 C = Vault XP percentage of total XP
 D = Non-vault monster count
 E = Vault monster count
 F = Vault count percentage of total count
                 A         B        C        D         E       F
            +---------+---------+-------+---------+---------+-------
      Total |   29052 |    7976 |  21.5 |     295 |      42 |  12.5
            +---------+---------+-------+---------+---------+-------
        D:1 |      33 |       0 |   0.0 |      19 |       0 |   0.0
        D:2 |      35 |       0 |   0.0 |      14 |       0 |   0.0
        D:3 |      21 |       7 |  25.0 |      10 |       4 |  28.6
        D:4 |     231 |     366 |  61.3 |      11 |       7 |  38.9
        D:5 |     783 |       0 |   0.0 |      19 |       0 |   0.0
        D:6 |     548 |    1463 |  72.7 |      10 |       8 |  44.4
        D:7 |    2567 |     170 |   6.2 |      42 |       3 |   6.7
        D:8 |    3538 |     185 |   5.0 |      25 |       2 |   7.4
        D:9 |    2252 |       0 |   0.0 |      37 |       0 |   0.0
       D:10 |    2922 |    1217 |  29.4 |      30 |       1 |   3.2
     Lair:1 |    3591 |    1434 |  28.5 |      19 |       8 |  29.6
     Lair:2 |    6261 |    1881 |  23.1 |      29 |       5 |  14.7
     Lair:3 |    6016 |    1253 |  17.2 |      26 |       4 |  13.3
     Lair:4 |     213 |       0 |   0.0 |       1 |       0 |   0.0
      Orc:1 |      41 |       0 |   0.0 |       3 |       0 |   0.0
            +---------+---------+-------+---------+---------+-------
